 Dungeon Crawl Stone Soup version 0.31.0-9-g3a7656b989 (webtiles) character file.

Game seed: 1525384323552311797

56 faxtax the Scratcher (level 3, -1/19 HPs)
             Began as a Felid Shapeshifter on Jan 27, 2024.
             Slain by a hobgoblin (4 damage)
             ... on level 2 of the Dungeon.
             The game lasted 00:06:26 (1276 turns).

faxtax the Scratcher (Felid Shapeshifter)           Turns: 1276, Time: 00:06:26

Health: -1/19      AC:  1    Str: 10    XL:     3   Next: 69%
Magic:  13/13      EV: 17    Int: 13    God:
Gold:   102        SH:  0    Dex: 17    Spells: 2/2 levels left
                                        Lives:  0   Deaths: 1

rFire   . .          .
                       - Unarmed
rCold   . . .        (shield unavailable)
rNeg    . . .        (body armour unavailable)
rPois   .            (helmet unavailable)
rElec   .            (cloak unavailable)
rCorr   .            (gloves unavailable)
SInv    +            (boots unavailable)
Will    .....        (no amulet)
Stlth   ++           e - ring of magical power
HPRegen 0.23/turn    (no ring)
MPRegen 0.13/turn

%: no passive effects
@: beast-form
A: beast (slay +1), very small, claws 1, fangs 3, see invisible, shaggy fur 1,
stealthy paws, no weapons or thrown items, no armour, multi-lived, robust 1,
inability to read after injury 1, MP-powered wands
a: Begin Untransformation


You were on level 2 of the Dungeon.
You were a hulking beast.
You visited 1 branch of the dungeon, and saw 2 of its levels.

You collected 102 gold pieces.

Inventory:

Jewellery
 e - a ring of magical power (left paw)
Talismans
 b - a beast talisman (active)
 c - a flux talisman
Potions
 a - 3 potions of lignification


   Skills:
 * Level 1.4 Fighting
 * Level 2.9 Dodging
 * Level 1.8 Stealth
 * Level 3.7 Unarmed Combat
 * Level 3.1 Shapeshifting


You had 2 spell levels left.
You didn't know any spells.
Your spell library was empty.

Dungeon Overview and Level Annotations

Branches:
Dungeon (2/15)

Altars:


Innate Abilities, Weirdness & Mutations

You are a hulking beast.
Your limbs bulge with bestial killing power. (Slay +1)
You have sharp claws.
You have razor-sharp teeth.
You have supernaturally acute eyesight. (SInv)
You are covered in fur. (AC +1)
Your paws help you pounce on unaware monsters.
You are incapable of wielding weapons or throwing items.
You cannot wear armour.
You gain extra lives every three experience levels.
You are robust. (+10% HP)
You occasionally lose the ability to read scrolls when taking damage.
You expend magic power (3 MP) to strengthen your wands.


Message History

The hobgoblin closely misses you. The frilled lizard closely misses you.
The frilled lizard attacks as it pursues you!
The frilled lizard closely misses you.
You completely miss the ribbon worm. The ribbon worm misses you.
You scratch the ribbon worm but do no damage.
The frilled lizard misses you. The ribbon worm misses you.
The hobgoblin misses you.
You barely miss the ribbon worm. The frilled lizard closely misses you.
The hobgoblin hits you.
You barely miss the ribbon worm. The frilled lizard closely misses you.
The ribbon worm closely misses you.
You scratch the ribbon worm.
The ribbon worm is lightly wounded.
The hobgoblin hits you. The frilled lizard closely misses you.
The ribbon worm misses you.
You scratch the ribbon worm.
The ribbon worm is lightly wounded.
The hobgoblin closely misses you. The frilled lizard barely misses you.
The ribbon worm closely misses you.
You claw the ribbon worm! You bite the ribbon worm.
The ribbon worm is almost dead.
The hobgoblin hits you. The frilled lizard barely misses you.
The ribbon worm expels a string of sticky webbing.
The stream of webbing hits you but does no damage.
You are caught in a web!
The web tears apart.
The hobgoblin hits you. The frilled lizard barely misses you.
You barely miss the ribbon worm.
The ribbon worm is almost dead.
The hobgoblin hits you. The ribbon worm bites you.
* * * LOW HITPOINT WARNING * * *
The frilled lizard bites you.
* * * LOW HITPOINT WARNING * * *
You scratch the ribbon worm.
You kill the ribbon worm!
The hobgoblin misses you. The frilled lizard barely misses you.
You scratch the hobgoblin.
The hobgoblin is moderately wounded.
The hobgoblin hits you.
You die...

#...# .###
...##.# .# ..#.#
.# .###..#.# #.
##...# ....##.
#...##.# #...##.#
###h.##.#
#.lg.##.####
#......#.......#
...#.##.#.......#
. .. #.........#
## #...#.....#
#...#.....#
.....#.....#
#.....##.....#


You could see a hobgoblin and a frilled lizard.

Vanquished Creatures
  An adder (D:2)
  2 ribbon worms (D:2)
  3 dart slugs
  6 ball pythons
  2 bats (D:1)
  2 endoplasms (D:1)
  A giant cockroach (D:2)
  A goblin (D:1)
  A hobgoblin (D:2)
  5 jackals (D:2)
  2 quokkas (D:1)
  5 frilled lizards
  3 kobolds
  3 rats (D:1)
37 creatures vanquished.

Notes
Turn   | Place    | Note
-------+----------+-------------------------------------------
     0 | D:1      | faxtax the Felid Shapeshifter began the quest for the Orb.
     0 | D:1      | Reached XP level 1. HP: 10/10 MP: 2/2
    77 | D:1      | Found a faded altar of an unknown god.
   171 | D:1      | Reached XP level 2. HP: 14/14 MP: 2/3
   305 | D:1      | Reached skill level 1 in Stealth
   976 | D:2      | Reached XP level 3. HP: 10/18 MP: 4/4
  1236 | D:2      | Gained mutation: You are robust. (+10% HP) [potion of
                  | mutation]
  1236 | D:2      | Gained mutation: You occasionally lose the ability to read
                  | scrolls when taking damage. [potion of mutation]
  1236 | D:2      | Gained mutation: You expend magic power (3 MP) to
                  | strengthen your wands. [potion of mutation]
  1241 | D:2      | Slain by a jackal
  1241 | D:2      | Lost a life (0 lives remaining)
  1276 | D:2      | Slain by a hobgoblin

Illustrated notes

Levels and vault maps discovered:
D:1:      lightli_arrival_farm, layout_loops_ring,
          ebering_ecumenical_altar_petrified
D:2:      layout_basic, minmay_hexomino_r4

Skill      XL: |  1  2 |
---------------+-------+-----
Stealth        | 1 |  1.8
Shapeshifting  | 3 |  3.1
Fighting       | |  1.4
Dodging        | |  2.9
Unarmed Combat | |  3.7

Action                     || total
---------------------------++-------
  Melee: Unarmed           ||    93
         Bite              ||    12
         Punch             ||     1
Ability: Begin Untransform ||     1
    Use: Scroll            ||     3
         Potion            ||     3
   Stab: Sleeping          ||     4
         Distracted        ||     1
 Armour: Skin              ||    35
  Dodge: Dodged            ||    84
         Form:             ||     1
         Beast             ||     1
         Flux              ||     1
